 Dungeon Crawl Stone Soup version 0.23.2-40-g277498a001 (webtiles) character file.

Game seed: 3512103430999476063

487 pleasedontlookatme the Chopper (level 6, -3/47 HPs)
             Began as a Demonspawn Gladiator on Sept 19, 2019.
             Was a Believer of Vehumet.
             Slain by an orc warrior
             ... wielding a +0 dire flail
              (12 damage)
             ... on level 6 of the Dungeon on Sept 20, 2019.
             The game lasted 00:36:39 (4730 turns).

pleasedontlookatme the Chopper (DsGl)               Turns: 4730, Time: 00:36:40

Health: -3/47      AC:  6    Str: 15    XL:     6   Next: 89%
Magic:  6/6        EV: 13    Int: 10    God:    Vehumet [**....]
Gold:   232        SH:  0    Dex: 15    Spells: 5/5 levels left

rFire    x . .     SeeInvis .   a - +1 war axe
rCold    + . .     Gourm    .   (no shield)
rNeg     . . .     Faith    .   b - +0 leather armour
rPois    .         Spirit   .   c - +0 helmet
rElec    .         Reflect  .   (no cloak)
rCorr    .         Harm     .   (no gloves)
MR       .....                  (no boots)
Stlth    +++.......             (no amulet)
HPRegen  0.15/turn              j - ring of ice
MPRegen  0.10/turn              (no ring)

@: no status effects
A: yellow scales 1, nightstalker 1, powered by death 1
a: Renounce Religion


You were on level 6 of the Dungeon.
You worshipped Vehumet.
Vehumet was pleased with you.
You were not hungry.

You visited 1 branch of the dungeon, and saw 4 of its levels.

You collected 232 gold pieces.

Inventory:

Hand Weapons
 a - a +1 war axe (weapon)
Missiles
 d - 3 throwing nets (quivered)
Armour
 b - a +0 leather armour (worn)
 c - a +0 helmet (worn)
Jewellery
 j - a ring of ice (left hand)
 p - an uncursed amulet of the acrobat {unknown}
Wands
 l - a wand of enslavement (12)
Scrolls
 i - 2 scrolls of teleportation
 k - 2 scrolls of magic mapping
 m - 3 scrolls of identify
Potions
 e - a potion of cancellation
 g - a potion of degeneration {unknown}
 h - a potion of resistance {unknown}
 n - a potion of haste {unknown}
 o - 3 potions of might {unknown}
 q - a potion of magic {unknown}
 r - a potion of brilliance {unknown}
Comestibles
 f - 4 rations


   Skills:
 + Level 3.1 Fighting
 + Level 5.3 Axes
 + Level 1.9 Throwing
 + Level 2.4 Armour
 + Level 3.4 Dodging
 + Level 1.9 Stealth


You had 5 spell levels left.
You didn't know any spells.
Your spell library was empty.

Dungeon Overview and Level Annotations

Branches:
Dungeon (6/15)
 Temple: D:4-7

Altars:
Hepliaklqana
Makhleb
Qazlal
Vehumet

Shops:
D:6 *

Annotations:
D:6 2 transporters, Frank2's ghost, novice DgGl


Innate Abilities, Weirdness & Mutations

You are partially covered in yellow scales. (AC +2)
You are slightly more attuned to the shadows.
You regenerate a little health from kills.


Message History

The orc warrior hits you with a +0 dire flail.
You barely miss something. You closely miss the orc warrior.
Something barely misses you.
The orc warrior hits you with a +0 dire flail.
You hit something. You barely miss the orc warrior. Something hits you.
The orc warrior hits you with a +0 dire flail!
You barely miss something. You barely miss the orc warrior.
You hear some strange, mumbled words.
A puff of flame appears from out of thin air!
The puff of flame hits you but does no damage.
The orc warrior barely misses you.
You hear some strange, mumbled words.
You closely miss something. You hit the orc warrior.
Something hits you but does no damage.
The orc warrior hits you with a +0 dire flail!
* * * LOW HITPOINT WARNING * * *
You miss something. You slash the orc warrior! Something hits you.
* * * LOW HITPOINT WARNING * * *
The orc warrior hits you with a +0 dire flail!
You die...

#...### #. ##.......### #
##.....### #.##..........#..
#........###..#............#
#.........# #.............##
#.........# #..............#
#.........# #........$......
#....)...# #{o.............
#.......#####†##...........#
#......####.o@###......).###
#.....####.....###########
##...###...##..#
#..##...##.....#
###..>##.....#.#
###..##......)#..# ###...##
.......##.# ##...###
.......# .. ...### .......#


You could see an orc warrior and an orc.

Vanquished Creatures
  An ogre (D:6)
  A crimson imp (D:6)
  A centaur zombie (D:6)
  A hound (D:6)
  2 orc priests (D:6)
  2 iguanas (D:6)
  4 adders
  4 gnolls (D:3)
  An ooze (D:1)
  4 worms
  A dart slug (D:1)
  4 leopard geckos
  8 orcs
  2 ball pythons (D:2)
  8 bats
  2 giant cockroaches
  22 goblins
  5 hobgoblins
  9 jackals
  5 kobolds
  2 quokkas
  A frilled lizard (D:1)
  7 rats
  2 fungi (D:1)
99 creatures vanquished.

Notes
Turn   | Place    | Note
-------+----------+-------------------------------------------
     0 | D:1      | pleasedontlookatme the Demonspawn Gladiator began the quest
                  | for the Orb.
     0 | D:1      | Reached XP level 1. HP: 16/16 MP: 1/1
   275 | D:1      | Reached skill level 3 in Axes
   275 | D:1      | Gained mutation: You regenerate a little health from kills.
                  | [demonic ancestry]
   275 | D:1      | Reached XP level 2. HP: 20/22 MP: 2/2
   563 | D:1      | Gained mutation: You are partially covered in yellow
                  | scales. (AC +2) [demonic ancestry]
   563 | D:1      | Reached XP level 3. HP: 25/27 MP: 3/3
  1411 | D:2      | Reached skill level 1 in Armour
  1495 | D:2      | Reached XP level 4. HP: 33/33 MP: 4/4
  1782 | D:2      | Found a faded altar of an unknown god.
  1792 | D:2      | Became a worshipper of Vehumet
  1792 | D:2      | Reached * piety under Vehumet
  1792 | D:2      | Offered knowledge of Sandblast by Vehumet.
  2659 | D:3      | Reached skill level 4 in Axes
  2659 | D:3      | Gained mutation: You are slightly more attuned to the
                  | shadows. [demonic ancestry]
  2659 | D:3      | Reached XP level 5. HP: 20/39 MP: 5/5
  2934 | D:3      | Reached skill level 1 in Stealth
  3520 | D:3      | Found a hazy altar of Hepliaklqana.
  3799 | D:3      | You fall through a shaft for 3 floors!
  3853 | D:6      | Found Elloff's Profane Products.
  3855 | D:6      | Found a burning altar of Makhleb.
  3928 | D:6      | Reached XP level 6. HP: 31/46 MP: 6/6
  3968 | D:6      | Found a stormy altar of Qazlal.
  4118 | D:6      | Noticed Frank2's ghost (novice DgGl)
  4134 | D:6      | Found a transporter.
  4143 | D:6      | Found a transporter.
  4255 | D:6      | Offered knowledge of Sting by Vehumet.
  4260 | D:6      | Reached ** piety under Vehumet
  4280 | D:6      | Reached skill level 5 in Axes
  4707 | D:6      | Noticed an orc warrior
  4730 | D:6      | Slain by an orc warrior

Skill      XL: |  1  2  3  4  5  6 |
---------------+-------------------+-----
Axes           | 3 4 5 |  5.3
Dodging        | 3 |  3.4
Armour         | 1 2 |  2.4
Stealth        | 1 |  1.9
Fighting       | 3 |  3.1
Throwing       | |  1.9

Action                   |  1- 3 |  4- 6 || total
-------------------------+-------+-------++-------
Melee: War axe           |   129 |   174 ||   303
  Use: Scroll            |     4 |       ||     4
 Stab: Distracted        |     1 |       ||     1
       Sleeping          |       |     5 ||     5
  Eat: Ration            |     1 |     3 ||     4
Armor: Leather armour    |    41 |    70 ||   111
Dodge: Dodged            |   104 |   124 ||   228
